Map: 어스름 탑

Players

speaknow (ByuN) - Winner!

  • Race: Terran Terran
  • League: Platinum

TOP

  • Race: Terran Terran

Event: Gauntlet LotV Series 1 Qualifier 1

VOD

Have the link to the VOD?

Description

Time

  • Played on: Nov. 22, 2015, 6:08 p.m.
  • Length: 10:13

All games in this series

Show
View Real Time Build Order
Export as new Build Order

speaknow Terran - Winner!

Build Orders: 1/1/1, 3 Reaper 2 Hellion, Banshee Rush 

Get SALT Encoding   

  12  0:01  SCV  
  13  0:13  SCV  
  14  0:17  Supply Depot  
  14  0:25  SCV  
  15  0:30  Refinery  
  15  0:39  SCV  
  16  0:44  Barracks  
  16  0:51  SCV  
  16  0:54  Refinery  
  17  1:03  SCV  
  18  1:15  SCV  
  19  1:31  Reaper, Orbital Command  
  20  1:34  Factory  
  20  1:44  Supply Depot  
  20  1:56  SCV  
  21  2:03  Reaper  
  22  2:08  SCV  
  23  2:19  Hellion  
  23  2:20  SCV, Starport  
  26  2:25  Supply Depot  
  26  2:33  SCV  
  26  2:35  Barracks Tech Lab  
  27  2:41  Hellion  
  29  2:45  SCV  
  29  2:50  Supply Depot  
  30  3:03  Banshee  
  30  3:05  Barracks Reactor  
  33  3:07  Hellion  
  35  3:19  Cloaking Field  
  33  3:29  SCV  
  26  3:42  SCV  
  26  3:44  Marine x2  
  26  3:45  Widow Mine  
  31  3:49  Banshee  
  34  3:56  SCV  
  34  4:02  Marine x2  
  37  4:15  Command Center  
  36  4:17  SCV  
  37  4:27  Marine x2  
  39  4:35  SCV  
  40  4:44  Factory Tech Lab  
  40  4:45  Medivac, Marine x2  
  43  4:47  SCV  
  45  4:58  Supply Depot  
  46  5:00  SCV  
  43  5:09  Marine x2  
  43  5:12  SCV  
  46  5:20  Siege Tank  
  49  5:24  SCV  
  50  5:31  Starport Reactor  
  50  5:32  Orbital Command  
  50  5:36  SCV  
  51  5:48  SCV  
  52  5:50  Barracks x2  
  51  5:59  SCV  
  51  6:00  SCV  
  51  6:03  Marine  
  51  6:04  Stimpack, Siege Tank  
  45  6:11  SCV  
  45  6:12  SCV  
  45  6:16  Starport Reactor  
  47  6:21  Engineering Bay, Marine  
  47  6:23  SCV  
  47  6:24  SCV  
  50  6:32  Refinery  
  50  6:35  SCV  
  50  6:36  SCV  
  50  6:39  Marine  
  51  6:43  Supply Depot, Marine x4  
  51  6:45  Siege Tank  
  58  6:48  SCV x2  
  58  6:52  Supply Depot  
  60  6:55  Terran Infantry Weapons Level 1  
  60  7:00  SCV, Marine  
  60  7:01  SCV, Marine  
  64  7:03  Marine x3  
  64  7:08  Medivac  
  67  7:09  Medivac  
  67  7:12  SCV  
  67  7:13  SCV  
  71  7:18  Marine x2  
  71  7:21  Marine x3  
  76  7:25  SCV x2, Refinery  
  76  7:27  Siege Tank  
  81  7:39  Medivac x2  
  81  7:42  Marine  
  86  7:46  Supply Depot  
  86  7:47  Supply Depot  
  86  8:01  Command Center  
  86  8:07  Marine x5  
  86  8:08  SCV x2  
  86  8:12  Supply Depot  
  93  8:16  Siege Tank  
  96  8:25  Marine x5  
  101  8:33  SCV x2  
  94  8:43  Marine x5  
  92  8:57  SCV  
  92  9:00  Marine x3  
  92  9:01  Marine x2  
  90  9:15  Refinery  
  88  9:18  Marine x4, Medivac x2  
  88  9:22  Siege Tank  
  99  9:28  Orbital Command  
  100  9:33  SCV x2  
  101  9:41  Marine x2  
  101  9:42  Marine x3  
Show
View Real Time Build Order
Export as new Build Order

TOP Terran 

Build Orders: Reaper Expand 

Get SALT Encoding   

  12  0:01  SCV  
  13  0:13  SCV  
  14  0:18  Supply Depot  
  14  0:25  SCV  
  15  0:40  SCV  
  15  0:41  Barracks  
  16  0:43  Refinery  
  16  0:52  SCV  
  17  1:04  SCV  
  18  1:16  SCV  
  19  1:28  Reaper, Orbital Command  
  20  1:39  Command Center  
  20  1:45  Refinery  
  20  1:54  SCV  
  20  1:56  Supply Depot  
  20  2:00  Reaper  
  22  2:06  SCV  
  23  2:18  SCV, Factory  
  24  2:30  SCV  
  24  2:32  Barracks Reactor  
  25  2:43  SCV  
  26  2:55  SCV  
  27  2:59  Orbital Command  
  27  3:02  Hellion  
  27  3:05  Starport  
  29  3:07  SCV  
  29  3:09  Marine x2  
  32  3:19  SCV  
  27  3:27  Marine x2  
  27  3:31  SCV  
  22  3:45  Marine x2  
  24  3:54  Engineering Bay  
  21  4:02  Marine  
  21  4:03  Marine  
  23  4:17  Viking  
  23  4:19  Factory Tech Lab  
  23  4:20  Marine  
  23  4:22  Missile Turret  
  21  4:37  Marine  
  19  4:38  Marine  
  19  4:39  Cyclone  
  19  4:43  SCV  
  22  4:54  SCV  
  22  4:55  SCV, Marine  
  22  4:56  Marine  
  25  5:06  SCV  
  26  5:07  SCV  
  27  5:15  Missile Turret  
  27  5:16  Marine  
  27  5:18  SCV  
  27  5:19  SCV  
  31  5:22  Marine  
  31  5:27  Supply Depot  
  31  5:30  SCV  
  31  5:32  SCV  
  33  5:42  SCV  
  34  5:44  SCV  
  34  5:46  Marine  
  36  5:50  Siege Tank  
  36  5:54  SCV  
  39  5:58  SCV  
  32  6:04  Marine  
  32  6:10  SCV x2  
  34  6:22  SCV x2, Marine  
  37  6:32  Medivac  
  39  6:34  SCV x2  
  41  6:40  Supply Depot  
  41  6:41  Marine  
  41  6:44  Refinery  
  41  6:46  SCV x2  
  44  6:58  SCV, Siege Tank, Marine  
  49  7:10  SCV x2  
  49  7:15  Barracks  
  51  7:16  Marine  
  51  7:17  Barracks  
  51  7:20  Medivac  
  51  7:22  SCV x2  
  56  7:34  SCV, Marine  
  56  7:35  Siege Tank  
  61  7:40  SCV  
  62  7:52  Supply Depot  
  62  7:58  Barracks Reactor  
  62  8:04  Supply Depot, Barracks Tech Lab  
  62  8:09  Barracks Tech Lab  
  62  8:13  SCV x2, Medivac  
  66  8:23  Barracks x2  
  66  8:25  SCV x2, Siege Tank  
  69  8:31  Marine x2  
  64  8:38  SCV  
  61  8:42  Marine  
  61  8:44  Marine  
  53  8:49  Marine x2  
  53  8:54  Orbital Command  
  50  8:59  Marine  
  50  9:02  Marine  
  48  9:07  Marine x2  
  51  9:17  Marine  
  51  9:19  Marine x2  
  51  9:20  Marine  
  55  9:25  Marine x2  
  57  9:35  Marine  
  57  9:36  Medivac  
  57  9:37  Marine x2  
  57  9:38  Marine  
  63  9:42  Marine x2  
  63  9:53  Marine  
  63  9:54  Marine  
  63  9:55  Marine  
Tags
 
Add a new tag
Caveats
  • Supply blocks, unpowered buildings, or Contaminate may cause inaccurate times.
  • Supply counts are checked every 10 seconds.